 Dungeon Crawl Stone Soup version 0.31-a0-574-g69dc8cc98e (webtiles) character file.

Game seed: 17152262300129814518

22575 javelincjr the Geomancer (level 13, -31/74 HPs)
             Began as a Gargoyle Earth Elementalist on Aug 17, 2023.
             Was a High Priest of Sif Muna.
             Annihilated by a golden dragon simulacrum (47 damage)
             ... in an ice cave on Aug 18, 2023.
             The game lasted 01:17:56 (14768 turns).

javelincjr the Geomancer (GrEE)                    Turns: 14768, Time: 01:17:57

Health: -31/74     AC: 24    Str: 12    XL:     13   Next: 1%
Magic:  13/23      EV: 13    Int: 25    God:    Sif Muna [*****.]
Gold:   715        SH:  0    Dex: 16    Spells: 7/25 levels left

rFire   . . .        I - +7 staff of the Meek {protect, meekguard}
rCold   . . .        (shield currently unavailable)
rNeg    + . .        N - +4 ring mail of the Loofah {rF+ rC- Int+4 SInv}
rPois   ∞            G - +1 hat
rElec   +            o - +0 cloak
rCorr   .            (no gloves)
SInv    +            L - +1 pair of boots
Will    .....        (no amulet)
Stlth   +++          x - +6 ring of dexterity
HPRegen 0.32/turn    O - ring of ice
MPRegen 0.18/turn

%: no passive effects
@: no status effects
A: sickness immunity, AC +9, negative energy resistance 1, electricity
resistance, torment resistance 1, petrification resistance
a: Renounce Religion, Channel Magic, Forget Spell, Divine Exegesis


You were in an ice cave.
You worshipped Sif Muna.
Sif Muna was extremely pleased with you.
You visited 1 branch of the dungeon, and saw 13 of its levels.
You also visited: Sewer, Ossuary and Ice Cave.

You collected 715 gold pieces.

Inventory:

Hand Weapons
 n - a +4 quarterstaff of chaos
 I - the +7 staff of the Meek (weapon) {protect, meekguard}
   (You found it on level 5 of the Dungeon)
 S - a +3 scimitar of flaming
 U - a +3 dagger
Missiles
 i - 33 poisoned darts
 v - 5 curare-tipped darts
 E - 2 silver javelins
Armour
 h - an orb of mayhem
 o - a +0 cloak (worn)
 F - the +6 ring mail of the Turtledove {*Slow Regen+ Dex+3}
   (You took it off a gnoll on level 8 of the Dungeon)

   Dex+3:     It affects your dexterity (+3).
   Regen+:    It increases your rate of health regeneration.
   *Slow:     It may slow you when you take damage.
 G - a +1 hat (worn)
 L - a +1 pair of boots (worn)
 N - the +4 ring mail of the Loofah (worn) {rF+ rC- Int+4 SInv}
   (You found it on level 7 of the Dungeon)

   Int+4:     It affects your intelligence (+4).
   rF+:       It protects you from fire.
   rC-:       It makes you vulnerable to cold.
   SInv:      It lets you see invisible.
 Z - a +0 troll leather armour
Magical Staves
 m - a staff of death
Jewellery
 x - a +6 ring of dexterity (left hand)
 D - a +6 ring of strength
 O - a ring of ice (right hand)
 P - a ring of protection from cold
Wands
 k - a wand of quicksilver (15)
 p - a wand of polymorph (21)
 K - a wand of flame (21)
 W - a wand of charming (7)
Scrolls
 c - 4 scrolls of fog
 d - 4 scrolls of fear
 e - 4 scrolls of amnesia
 j - 7 scrolls of teleportation
 s - 5 scrolls of immolation
 y - a scroll of torment
 H - 2 scrolls of enchant weapon
 J - a scroll of blinking
 M - 4 scrolls of vulnerability
 V - a scroll of poison
Potions
 b - 3 potions of magic
 g - 3 potions of brilliance
 l - 6 potions of curing
 q - a potion of berserk rage {unknown}
 t - 2 potions of mutation
 u - 3 potions of resistance
 w - 7 potions of heal wounds
 z - a potion of might {unknown}
 A - a potion of ambrosia {unknown}
 C - a potion of haste {unknown}
 Q - a potion of enlightenment {unknown}
 Y - a potion of lignification {unknown}


   Skills:
 + Level 5.9 Fighting
 + Level 5.4 Staves
 + Level 5.1 Armour
 + Level 6.2 Dodging
 + Level 8.7 Stealth
 + Level 6.8 Spellcasting
 + Level 6.9 Conjurations
 + Level 5.7 Translocations
 - Level 4.0 Transmutations
 + Level 4.9 Ice Magic
 + Level 9.2 Earth Magic
 + Level 7.2 Invocations


You had 7 spell levels left.
You knew the following spells:

 Your Spells              Type           Power      Damage    Failure   Level
a - Sandblast             Erth           100%       2d20      1%          1
b - Passwall              Tmut/Erth      34%        N/A       1%          2
c - Stone Arrow           Conj/Erth      98%        3d13      1%          3
d - Teleport Other        Tloc           37%        N/A       3%          3
e - Frozen Ramparts       Ice            98%        1d15      5%          3
f - Blink                 Tloc           74%        N/A       1%          2
g - Animate Armour        Summ/Erth      62%        N/A       22%         4

Your spell library contained the following spells:

 Spells                   Type           Power      Damage    Failure   Level
 Freeze                   Ice            100%       1d10      1%          1
 Lesser Beckoning         Tloc           74%        N/A       1%          2
 Searing Ray              Conj           86%        2d7       1%          2
 Shock                    Conj/Air       100%       1d9       3%          1
 Gell's Gravitas          Tloc           37%        N/A       3%          3
 Hailstorm                Conj/Ice       55%        3d12      3%          3
 Static Discharge         Conj/Air       50%        2-5/arc   4%          2
 Wereblood                Tmut           28%        N/A       4%          2
 Ozocubu's Armour         Ice            49%        N/A       5%          3
 Sting                    Tmut/Pois      72%        1d6       6%          1
 Petrify                  Tmut/Erth      41%        N/A       9%          4
 Lee's Rapid Deconstruct  Erth           26%        3d14*     9%          5
 Dazzling Flash           Conj/Hex       50%        N/A       10%         3
 Portal Projectile        Hex/Tloc       46%        N/A       13%         3
 Summon Small Mammal      Summ           32%        N/A       14%         1
 Call Imp                 Summ           16%        N/A       22%         2
 Leda's Liquefaction      Hex/Erth       15%        N/A       22%         4
 Ignite Poison            Fire/Tmut/Pois 15%        N/A       24%         3
 Call Canine Familiar     Summ           8%         N/A       38%         3
 Summon Guardian Golem    Hex/Summ       8%         N/A       38%         3
 Swiftness                Air            8%         N/A       38%         3
 Borgnjor's Vile Clutch   Necr/Erth      15%        N/A       52%         5
 Leda's Unmaking          Conj/Erth      24%        9d5       61%         6
 Arcjolt                  Conj/Air       12%        1d22      67%         5
 Airstrike                Air            4%         2d(1-17)  80%         4
 Summon Lightning Spire   Summ/Air       8%         N/A       80%         4
 Alistair's Intoxication  Tmut/Pois      12%        N/A       86%         5
 Yara's Violent Unravell  Hex/Tmut       9%         3d6       86%         5
 Dispersal                Tloc           18%        N/A       89%         6
 Eringya's Noxious Bog    Tmut/Pois      9%         4d6       100%        6
 Simulacrum               Ice/Necr       15%        N/A       100%        6
 Ozocubu's Refrigeration  Ice            24%        4d12      100%        7
 Spellforged Servitor     Conj/Summ      12%        N/A       100%        7
 Polar Vortex             Ice            24%        12d3*     100%        9
 Cigotuvi's Dreadful Rot  Necr/Pois/Air  Unusable   N/A       N/A         2

Dungeon Overview and Level Annotations

Branches:
Dungeon (15/15)            Temple (0/1) D:5            Lair (0/5) D:8
    Orc (0/2) D:11         Depths (0/4) D:15          Sewer (visited)
Ossuary (visited)           IceCv (1/1)
 Vaults: D:13-14

Altars:
Makhleb
Nemelex Xobeh
Qazlal
Sif Muna
Uskayaw
Yredelemnul

Shops:
D:2 (   D:4 !   D:7 [

Annotations:
D:4 Pargi
D:6 2 runed translucent doors, Brisketman's ghost, novice OpSh


Innate Abilities, Weirdness & Mutations

You are immune to sickness and miasma.
Your stone body is resilient. (AC +9)
You are immune to poison.
You resist negative energy. (rN+)
You are resistant to electric shocks. (rElec)
You are resistant to unholy torment.
You are immune to petrification.


Message History

The golden dragon simulacrum is moderately damaged.
The harpy simulacrum claws your animated ring mail but does no damage. x2
The harpy simulacrum claws your animated ring mail.
The harpy simulacrum freezes your animated ring mail!!
The harpy simulacrum claws your animated ring mail.
The harpy simulacrum freezes your animated ring mail!
Your animated ring mail hits the harpy simulacrum!
Your animated ring mail hits the harpy simulacrum.
Casting: Stone Arrow (safe; 1% risk of failure)
Confirm with . or Enter, or press ? or * to list all spells.
Aiming: Stone Arrow (safe; 1% risk of failure)
Press: ? - help, Shift-Dir - straight line, f/p - golden dragon simulacrum
Aim: a golden dragon simulacrum (moderately damaged, pursuing quickly, 100% to hit)
The stone arrow hits the golden dragon simulacrum!!
The golden dragon simulacrum is almost destroyed.
The harpy simulacrum claws your animated ring mail.
Your animated ring mail is destroyed!
Your animated ring mail disappears in a puff of smoke!
The blast of sand hits the harpy simulacrum!!
The harpy simulacrum vaporises!
Sif Muna accepts your kill.
The harpy simulacrum claws you but does no damage. x2
The harpy simulacrum misses you.
The harpy simulacrum claws you but does no damage. x2
The harpy simulacrum claws you. The harpy simulacrum freezes you!!
The golden dragon simulacrum bites you!
The golden dragon simulacrum freezes you!!
The golden dragon simulacrum claws you but does no damage.
The golden dragon simulacrum tramples you!
* * * LOW HITPOINT WARNING * * *
You hold your ground!
The harpy simulacrum barely misses you. x2
The harpy simulacrum claws you but does no damage.
The harpy simulacrum closely misses you.
The golden dragon simulacrum bites you but does no damage.
The golden dragon simulacrum claws you.
* * * LOW HITPOINT WARNING * * *
The golden dragon simulacrum freezes you!!!
Ouch! That really hurt!
You die...

#......!......#
#....8...8....#
#.............#
#...........#
#...........#
#...........#
#....uZZ..#
#.ZZZZ..#
##..@Z.##
#######


You could see a white very ugly thing, an alligator simulacrum, 4 golden dragon
simulacra and 2 harpy simulacra.

Vanquished Creatures
  A stone giant (D:15)
  A two-headed ogre (D:11)
  2 tengu warriors (D:15)
  Pikel (D:5)
  3 manticores (D:11)
  A cyclops (D:15)
  A gargoyle (D:10)
  An unseen horror (D:11)
  A yaktaur (D:15)
  A meliai (shapeshifter) (D:15)
  4 trolls
  Prince Ribbit (D:5)
  A vampire (D:9)
  A shadow (D:11)
  5 wyverns
  2 wraiths
  2 basilisks
  33 yaks
  Menkaure (D:5)
  11 vampire mosquitoes
  A harpy simulacrum (IceCv)
  4 water moccasins
  2 acid dragons
  4 sky beasts
  2 ice beasts
  2 black bears (D:8)
  6 orc warriors
  An ogre (D:6)
  3 wolves (D:8)
  3 centaurs
  2 phantoms
  3 kobold brigands
  3 bullfrogs
  2 gnoll sergeants
  12 scorpions
  9 wights
  10 killer bees
  3 howler monkeys
  3 centaur zombies (Ossuary)
  3 hounds (D:5)
  A jelly (D:6)
  9 orc priests
  2 gnoll boudas
  2 human zombies (Ossuary)
  Crazy Yiuf (D:2)
  7 scorpion zombies (Ossuary)
  2 sleepcaps (D:6)
  5 iguanas
  9 orc wizards
  4 mummies
  25 gnolls
  12 adders
  4 river rats (Sewer)
  A white imp (D:5)
  2 ufetubi
  2 worms
  3 dart slugs
  45 orcs
  13 ball pythons
  11 endoplasms
  5 giant cockroaches
  2 gnoll zombies (Ossuary)
  14 goblins
  5 hobgoblins
  4 jackals (Sewer)
  13 kobolds
  4 quokkas
  7 bats
  3 frilled lizards
  2 goblin zombies (Ossuary)
  A hobgoblin zombie (Ossuary)
  3 orc zombies
  11 rats
386 creatures vanquished.

Vanquished Creatures (collateral kills)
  Rupert (D:12)
1 creature vanquished.

Grand Total: 387 creatures vanquished

Notes
Turn   | Place    | Note
-------+----------+-------------------------------------------
     0 | D:1      | javelincjr the Gargoyle Earth Elementalist began the quest
                  | for the Orb.
     0 | D:1      | Reached XP level 1. HP: 10/10 MP: 3/3
   134 | D:1      | Reached skill level 1 in Transmutations
   134 | D:1      | Reached XP level 2. HP: 14/15 MP: 0/5
   625 | D:1      | Reached XP level 3. HP: 19/19 MP: 4/6
   925 | D:1      | Reached skill level 4 in Earth Magic
   944 | D:1      | Learned a level 2 spell: Passwall
   948 | D:1      | Learned a level 3 spell: Stone Arrow
  1213 | D:2      | Found a faded altar of an unknown god.
  1231 | D:2      | Prayed at the altar of an unknown god.
  1231 | D:2      | Became a worshipper of Sif Muna the Loreminder
  1231 | D:2      | Reached * piety under Sif Muna
  1306 | D:2      | Found Yfodd's Antique Weapon Shop.
  1408 | D:2      | Reached XP level 4. HP: 24/24 MP: 4/7
  1850 | D:2      | Reached ** piety under Sif Muna
  2320 | D:2      | Found a runed translucent door.
  2321 | D:2      | Noticed Crazy Yiuf
  2327 | D:2      | Killed Crazy Yiuf
  2328 | D:2      | Reached XP level 5. HP: 28/28 MP: 4/9
  2653 | D:3      | Reached skill level 1 in Invocations
  2671 | D:3      | Found a glowing drain.
  2676 | Sewer    | Entered a sewer
  3106 | Sewer    | Reached XP level 6. HP: 32/32 MP: 7/10
  3502 | Sewer    | Reached skill level 5 in Earth Magic
  3854 | D:3      | Learned a level 3 spell: Teleport Other
  3862 | D:3      | Found a shimmering blue altar of Sif Muna.
  3876 | D:3      | Found a basalt altar of Yredelemnul.
  4150 | D:3      | Reached *** piety under Sif Muna
  4251 | D:3      | Found a stormy altar of Qazlal.
  4350 | D:4      | Noticed Pargi
  4467 | D:4      | Found Sexinuit's Distillery.
  4514 | D:4      | Reached XP level 7. HP: 35/36 MP: 4/11
  5109 | D:5      | Entered Level 5 of the Dungeon
  5137 | D:5      | Noticed Menkaure
  5152 | D:5      | Killed Menkaure
  5153 | D:5      | Reached skill level 1 in Conjurations
  5346 | D:5      | Reached skill level 1 in Translocations
  5521 | D:5      | Reached XP level 8. HP: 41/41 MP: 10/13
  5603 | D:5      | Noticed Prince Ribbit
  5608 | D:5      | Killed Prince Ribbit
  5667 | D:5      | Noticed Pikel
  5680 | D:5      | Killed Pikel
  5681 | D:5      | Reached skill level 5 in Stealth
  5681 | D:5      | Reached skill level 6 in Earth Magic
  5973 | D:5      | Reached **** piety under Sif Muna
  5977 | D:5      | Reached XP level 9. HP: 31/45 MP: 8/15
  6117 | D:5      | Found the +7 staff of the Meek {protect, meekguard}
  6174 | D:5      | Found a staircase to the Ecumenical Temple.
  6687 | D:6      | Found a large runed translucent door.
  6687 | D:6      | Found a large runed translucent door.
  6688 | D:6      | Noticed Brisketman's ghost (novice OpSh)
  6723 | D:6      | Reached skill level 1 in Staves
  6872 | D:6      | Upgraded the game from 0.31-a0-564-g3b7de120b3 to
                  | 0.31-a0-574-g69dc8cc98e
  7192 | D:6      | Found a hide-covered altar of Uskayaw.
  7427 | D:7      | Identified the +4 ring mail of the Loofah {rF+ rC- Int+4
                  | SInv}
  7682 | D:7      | Reached skill level 1 in Fighting
  7734 | D:7      | Found a sparkling altar of Nemelex Xobeh.
  7734 | D:7      | Found a burning altar of Makhleb.
  8094 | D:7      | Learned a level 3 spell: Frozen Ramparts
  8391 | D:7      | Found Heuloene's Antique Armour Shoppe.
  8414 | D:7      | Got the Codex of the Robin
  8659 | D:8      | Reached XP level 10. HP: 52/52 MP: 17/17
  8701 | D:8      | Reached skill level 7 in Earth Magic
  8740 | D:8      | Found a sand-covered staircase.
  8746 | Ossuary  | Entered an ossuary
  8764 | Ossuary  | Reached ***** piety under Sif Muna
  8770 | Ossuary  | Reached skill level 5 in Spellcasting
  8877 | Ossuary  | Received a gift from Sif Muna
  8883 | Ossuary  | Reached skill level 1 in Ice Magic
  8883 | Ossuary  | Got Sif Muna's Spellwork, Part Two {god gift}
  8887 | Ossuary  | Learned a level 2 spell: Blink
  9003 | Ossuary  | Reached skill level 5 in Invocations
  9081 | Ossuary  | Reached skill level 1 in Armour
  9790 | D:8      | Identified the +6 ring mail of the Turtledove {*Slow Regen+
                  | Dex+3}
  9793 | D:8      | Found a staircase to the Lair.
  9823 | D:8      | Reached skill level 5 in Conjurations
 10051 | D:8      | Reached skill level 5 in Dodging
 10059 | D:8      | Reached XP level 11. HP: 60/60 MP: 10/19
 10928 | D:9      | Received a gift from Sif Muna
 10930 | D:9      | Got Sif Muna's Quarto of Transmuted Fulmination {god gift}
 11241 | D:9      | Reached skill level 8 in Earth Magic
 11649 | D:10     | Entered Level 10 of the Dungeon
 12743 | D:11     | Noticed a manticore
 12760 | D:11     | Killed a manticore
 12930 | D:11     | Found a staircase to the Orcish Mines.
 12963 | D:11     | Noticed a manticore
 12975 | D:11     | Killed a manticore
 12976 | D:11     | Reached skill level 5 in Translocations
 13124 | D:11     | Noticed a manticore
 13127 | D:11     | Killed a manticore
 13128 | D:11     | Reached XP level 12. HP: 45/68 MP: 11/21
 13364 | D:11     | Reached skill level 5 in Fighting
 13488 | D:11     | Noticed a two-headed ogre
 13496 | D:11     | Learned a level 4 spell: Animate Armour
 13509 | D:11     | Killed a two-headed ogre
 13953 | D:12     | Received a gift from Sif Muna
 13979 | D:12     | Got Roxanne's Discursus on the Reshaped Mesa {god gift}
 14064 | D:12     | Reached skill level 5 in Staves
 14133 | D:12     | Noticed Rupert
 14264 | D:12     | Paralysed by Rupert for 4 turns
 14274 | D:12     | Killed Rupert
 14275 | D:12     | Reached skill level 9 in Earth Magic
 14411 | D:12     | You fall into a shaft and drop 3 floors!
 14411 | D:15     | Entered Level 15 of the Dungeon
 14424 | D:15     | Noticed a tengu warrior
 14487 | D:15     | Noticed a tengu warrior
 14494 | D:15     | Found a staircase to the Depths.
 14494 | D:15     | Noticed a stone giant
 14500 | D:15     | Killed a stone giant
 14554 | D:15     | Killed a tengu warrior
 14555 | D:15     | Reached skill level 5 in Armour
 14614 | D:15     | Noticed a tengu warrior
 14618 | D:15     | Killed a tengu warrior
 14652 | D:15     | Found a frozen archway.
 14674 | D:15     | Reached XP level 13. HP: 46/74 MP: 9/23
 14762 | IceCv    | Entered an ice cave
 14762 | IceCv    | Noticed a white very ugly thing
 14768 | IceCv    | Annihilated by a golden dragon simulacrum

Illustrated notes

Levels and vault maps discovered:
D:1:      matt_arrival_refuge, layout_basic, serial_forest,
          infiniplex_forest_clump_small, infiniplex_forest_side_room,
          infiniplex_forest_clump_small, infiniplex_forest_clump_double,
          infiniplex_forest_straight_1, infiniplex_forest_lined_ring,
          infiniplex_forest_lined_4_way, infiniplex_forest_corner_2,
          infiniplex_forest_end_3, minmay_misc_feat_nine_boxes,
          minmay_hexomino_u4
D:2:      layout_loops_corners, serial_shops, nicolae_shop_statue_plus,
          hellmonk_ecumenical_altar_pennies_from_heaven,
          minmay_indecisive_spiral, uniq_crazy_yiuf_cottage
D:3:      layout_basic, mainiacjoe_overflow_alcove_2,
          mainiacjoe_overflow_big_doors, gup_sewer_entry_bowl
D:4:      layout_basic, kennysheep_windowed_goal, uniq_pargi
D:5:      layout_loops_ring, minmay_temple_entry_metal_lava,
          pf_guarded_unrand_meek, uniq_pikel, uniq_menkaure, uniq_prince_ribbit1
D:6:      hellmonk_destroyed_diamonds, layout_rooms,
          nicolae_overflow_hidden_temple, ebering_ghost_disaster_area,
          chequers_decorated_corner
D:7:      layout_cave_pods, gammafunk_temple_overflow_statue, serial_shops,
          shop, minmay_crossroads
D:8:      layout_basic, minmay_lair_entry_grove, nicolae_ossuary_entry_giza,
          minmay_joined_circles
D:9:      layout_gridville
D:10:     layout_long_grid, chequers_serial_rivers_marsh
D:11:     layout_basic, david_orc_2
D:12:     layout_rooms, uniq_psyche, uniq_rupert, uniq_snorg
D:15:     grunt_enter_depths_snipers, layout_irregular_city,
          nicolae_cairo_tiling_large, portal_ice_cave_entry_pillars_four,
          serial_bayou, serial_bayou_ford_a, serial_bayou_pond_e,
          serial_bayou_lake_a, serial_bayou_pond_d
IceCv:    ice_cave_statue_garden_transporter

Skill      XL: |  1  2  3  4  5  6  7  8  9 10 11 12 |
---------------+-------------------------------------+-----
Transmutations | 1 2 3 4 |  4.0
Earth Magic    | 4 5 6 7 8 9 |  9.2
Dodging        | 2 3 4 5 6 |  6.2
Stealth        | 3 4 5 6 7 8 |  8.7
Invocations    | 1 2 3 4 5 6 7 |  7.2
Spellcasting   | 3 4 5 6 |  6.8
Conjurations   | 1 3 4 5 6 |  6.9
Translocations | 1 2 3 4 5 |  5.7
Staves         | 2 3 4 5 |  5.4
Fighting       | 1 3 4 5 |  5.9
Ice Magic      | 2 3 4 |  4.9
Armour         | 2 3 5 |  5.1

Action                     |  1- 3 |  4- 6 |  7- 9 | 10-12 | 13-15 || total
---------------------------+-------+-------+-------+-------+-------++-------
  Melee: Unarmed           |    28 |     2 |       |       |       ||    30
         Quarterstaff      |       |    34 |    74 |   259 |       ||   367
   Cast: Sandblast         |    42 |   136 |   157 |   184 |     1 ||   520
         Passwall          |       |     1 |     1 |       |       ||     2
         Stone Arrow       |       |       |    16 |    86 |     2 ||   104
         Frozen Ramparts   |       |       |       |    26 |       ||    26
         Animate Armour    |       |       |       |     2 |     1 ||     3
 Invoke: Channel Magic     |       |     1 |       |     1 |       ||     2
    Use: Scroll            |       |     3 |     7 |    11 |       ||    21
         Potion            |       |     3 |       |       |       ||     3
   Stab: Sleeping          |       |       |     2 |     5 |       ||     7
 Armour: Robe              |     8 |    36 |    45 |       |       ||    89
         Ring mail         |       |       |    24 |   290 |     7 ||   321
  Dodge: Dodged            |    21 |    91 |   108 |   340 |     4 ||   564

Table legend: (Time is in decaauts)
 A = Elapsed time spent in this place.
 B = Non-inter-level travel time spent in this place.
 C = Inter-level travel time spent in this place.
 D = Time resting spent in this place.
 E = Time spent auto-exploring this place.
 F = Levels seen in this place.
 G = Mean time per level.
                   A        B        C        D        E       F      G
               +--------+--------+--------+--------+--------+-----+--------+
         Total |  15252 |  14960 |    292 |   1666 |   9792 |  16 |  953.2 |
       Dungeon |  13302 |  13010 |    292 |   1467 |   8635 |  13 | 1023.2 |
         Sewer |   1318 |   1318 |      0 |    121 |    900 |   1 | 1318.0 |
       Ossuary |    624 |    624 |      0 |     78 |    257 |   1 |  624.0 |
      Ice Cave |      6 |      6 |      0 |      0 |      0 |   1 |    6.0 |
               +--------+--------+--------+--------+--------+-----+--------+

Top non-repeatable levels by time:
     D:8: 1581 daAuts
     D:5: 1442 daAuts
   Sewer: 1318 daAuts
     D:2: 1247 daAuts
     D:7: 1214 daAuts
     D:1: 1197 daAuts
    D:10: 1111 daAuts
    D:11: 1052 daAuts
     D:6: 930 daAuts
     D:9: 916 daAuts
     D:3: 854 daAuts
     D:4: 764 daAuts
    D:12: 633 daAuts
 Ossuary: 624 daAuts
    D:15: 356 daAuts
